 Dungeon Crawl Stone Soup version 0.29-a0-352-g0917bc69df (webtiles) character file.

Game seed: 16460196187589932924

137 sokol815 the Sneak (level 5, -1/35 HPs)
             Began as an Octopode Wanderer on Apr 24, 2022.
             Was an Initiate of Gozag.
             Slain by a black bear (3 damage)
             ... on level 4 of the Dungeon.
             The game lasted 00:06:07 (3602 turns).

sokol815 the Sneak (Octopode Wanderer)              Turns: 3602, Time: 00:06:08

Health: -1/35      AC:  2    Str:  9    XL:     5   Next: 20%
Magic:  8/8        EV: 12    Int: 18    God:    Gozag
Gold:   206        SH:  0    Dex: 14    Spells: 7/8 levels left

rFire   + . .      SeeInvis .   a - +3 dagger (elec)
rCold   + . .      Faith    .   (no shield)
rNeg    . . .      Spirit   .   (helmet restricted)
rPois   +          Reflect  .   (no amulet)
rElec   +          Harm     .   (no ring)
rCorr   +          Rampage  .   (no ring)
Will    .....                   (no ring)
Stlth   ++........              (no ring)
HPRegen 0.11/turn               (no ring)
MPRegen 0.11/turn               (no ring)
                                (no ring)
                                (no ring)

@: confused, resistant, gold aura, flying, unable to read
A: almost no armour, amphibious, 8 rings, camouflage 1, gelatinous body 1,
(nimble swimmer 1), tentacles, agile 1, shaggy fur 1, inability to read while
threatened
a: Renounce Religion, Potion Petition, Call Merchant, Bribe Branch


You were on level 4 of the Dungeon.
You worshipped Gozag.
Gozag was aware of your devotion.
You visited 2 branches of the dungeon, and saw 5 of its levels.

You collected 293 gold pieces.
You paid 87 gold pieces to Gozag.

Inventory:

Hand Weapons
 a - a +3 dagger of electrocution (weapon)
 e - a +0 whip of freezing
   (You found it on level 1 of the Dungeon)
 i - a +1 long sword of holy wrath
   (You found it on level 4 of the Dungeon)
Missiles
 f - 9 poisoned darts
 h - 2 boomerangs
 s - 38 stones
Magical Staves
 o - a staff of earth
   (You found it on level 2 of the Dungeon)
Scrolls
 g - a scroll of enchant weapon
 m - a scroll of identify {unknown}
 n - a scroll of vulnerability {unknown}
 D - a scroll of blinking {!r}
 K - 3 scrolls of immolation {!r}
 S - a scroll of summoning
 Y - 3 scrolls of teleportation {@r3}
Potions
 d - a potion of attraction {unknown}
 j - a potion of heal wounds {unknown}
 R - a potion of resistance
 U - a potion of mutation {!q}
Miscellaneous
 c - a piece from Xom's chessboard (15/15)


   Skills:
 + Level 2.7 Fighting
 + Level 2.8 Short Blades
 * Level 7.2 Stealth
 - Level 2.0 Spellcasting
 - Level 1.0 Translocations
 - Level 2.2 Evocations


You had 7 spell levels left.
You knew the following spells:

 Your Spells              Type           Power      Damage    Failure   Level
g - Apportation           Tloc           10%        N/A       12%         1

Your spell library contained the following spells:

 Spells                   Type           Power      Damage    Failure   Level
 Sublimation of Blood     Necr           1%         N/A       26%         2
 Wereblood                Tmut           1%         N/A       26%         2
 Teleport Other           Tloc           5%         N/A       34%         3
 Summon Hydra             Summ           0%         N/A       100%        7


Dungeon Overview and Level Annotations

Branches:
Dungeon (4/15)             Temple (1/1) D:4

Altars:
Elyvilon
Fedhas
Gozag
Nemelex Xobeh
Uskayaw
Wu Jian
Yredelemnul

Annotations:
D:3 1 runed translucent door, exclusion: upstairs, Antichthon's ghost, amateur NaWr


Innate Abilities, Weirdness & Mutations

You cannot wear most types of armour.
You are amphibious.
You can wear up to eight rings at the same time.
Your skin changes colour to match your surroundings (Stealth+).
Your rubbery body absorbs attacks. (AC +1, EV +1)
((You are camouflaged when in or above water. (Stealth+)))
You have tentacles for arms and can constrict up to eight enemies at once.
You are agile. (Dex +2)
You are covered in fur. (AC +1)
You sometimes lose the ability to read scrolls when taking damage.


Message History

You see here a scroll labelled HIUCACRUBRY.
Health restored: 30 Natasha, Servant of Life and Death comes into view.
Really wriggle into a travel-excluded area? [Y]es or [N]o only, please.
Really wriggle into a travel-excluded area?
A ball python comes into view.
The ball python hisses angrily.
The helpless goblin fails to defend itself.
You impale the goblin!!
You kill the goblin!
Natasha hisses angrily.
Natasha misses you.
You hit Natasha. Your grab misses Natasha. Your squeeze misses Natasha.
Natasha is distracted by your dazzling golden aura.
You strike the helpless Natasha from behind!
You puncture Natasha!
You kill Natasha!
Natasha growls in agony!
You have reached level 5!
You feel stronger.
Health restored: 35; MP restored: 8 The ball python barely misses you.
The ball python grabs you. The ball python constricts you.
The ball python barely misses you. The ball python constricts you.
You take 2 damage, and have 33/35 hp.
You hit the ball python.
You kill the ball python!
No target in view!
No target in view!
You now have 200 gold pieces (gained 10).
You see here a +0 dagger.
Health restored: 35 You now have 206 gold pieces (gained 6).
n - a scroll labelled HIUCACRUBRY An orc comes into view.
It is wielding a +0 club.
An orc comes into view. It is wielding a +4 hand axe.
An orc wizard comes into view. It is wielding a +0 vampiric dagger.
You hit the orc but do no damage. Lightning courses through the orc!
You kill the orc!
You hit the orc. You grab the orc.
You tentacle-slap the orc, but do no damage.
You squeeze the orc, but do no damage.
You constrict the orc, but do no damage.
The orc hits you with a +4 hand axe!
The orc wizard shouts!
You take 8 damage, and have 27/35 hp.
MASSIVE DAMAGE!!
You hit the orc.
You kill the orc!
You hear an angry growl.
The orc wizard gestures at you while chanting.
The magic dart hits you!
You take 10 damage, and have 17/35 hp.
MASSIVE DAMAGE!!
A black bear comes into view.
The orc wizard casts a spell at you.
You are confused.
The orc wizard hits you with a +0 vampiric dagger.
You take 5 damage, and have 12/35 hp.
You hit the orc wizard.
The orc wizard mumbles some strange words.
The orc wizard flickers and vanishes!
Deactivating autopickup; reactivate with Ctrl-A.
You hit something.
You hear some strange, mumbled words.
You are more confused.
You're too confused to move!
You hear some strange, mumbled words.
You are more confused.
You are too confused!
It was a potion of resistance.
You feel protected.
R - a potion of resistance Something hits you.
* * * LOW HITPOINT WARNING * * *
You take 3 damage, and have 10/35 hp.
It was a potion of mutation.
You feel extremely strange.
You lose the ability to read scrolls when threatened.
You feel agile. Fur sprouts all over your body.
U - a potion of mutation Something hits you.
* * * LOW HITPOINT WARNING * * *
The black bear bites you.
* * * LOW HITPOINT WARNING * * *
The black bear claws you.
* * * LOW HITPOINT WARNING * * *
The black bear claws you.
* * * LOW HITPOINT WARNING * * *
You take 7 damage, and have 3/35 hp.
It was a potion of flight.
You feel very buoyant.
You fly up into the air.
Something hits you.
* * * LOW HITPOINT WARNING * * *
The black bear closely misses you. The black bear barely misses you.
The black bear claws you.
You feel threatened and lose the ability to read scrolls!
You die...
Your body crumbles into a pile of gold.

..#..<............##.......###
..####............##.......#
#.# ##....#......#.........
#.#####...................##
...##...<##..####..........#
.............# #....##......
###.........#####...........
###........## #{.$.#..#..#..
.#.........# #.@...........
............. #.h..#..#....
..........##..........###
.....<.....#.......#.##
.......##..#......####
......## .........# #.......
.........# #........###......#
#........


You could see a black bear.

Vanquished Creatures
  Natasha (D:4)
  4 adders
  A worm (D:2)
  2 orcs (D:4)
  7 endoplasms
  2 giant cockroaches (D:2)
  11 goblins
  7 hobgoblins
  2 jackals (D:1)
  7 kobolds
  4 quokkas
  4 ball pythons
  6 bats
  3 frilled lizards
  5 rats
66 creatures vanquished.

Vanquished Creatures (others)
  A plant (D:1)
  2 withered plants (D:3)
3 creatures vanquished.

Grand Total: 69 creatures vanquished

Notes
Turn   | Place    | Note
-------+----------+-------------------------------------------
     0 | D:1      | sokol815 the Octopode Wanderer began the quest for the Orb.
     0 | D:1      | sokol815 set off with the following items: a +2 dagger, a
                  | piece from Xom's chessboard (15/15), a scroll of blinking
                  | {!r}, a scroll of summoning; and the following spell
                  | memorised: Apportation; and the following spells available
                  | to memorise: Teleport Other
     0 | D:1      | Reached XP level 1. HP: 11/11 MP: 3/3
   362 | D:1      | Reached XP level 2. HP: 18/18 MP: 5/5
   398 | D:1      | Reached skill level 1 in Fighting
   398 | D:1      | Reached skill level 1 in Short Blades
  1054 | D:2      | Reached XP level 3. HP: 23/23 MP: 6/6
  1069 | D:2      | Found a faded altar of an unknown god.
  1814 | D:3      | Reached skill level 2 in Short Blades
  1822 | D:3      | Reached skill level 2 in Fighting
  2230 | D:2      | Reached XP level 4. HP: 28/29 MP: 7/7
  2306 | D:2      | Found a blossoming altar of Fedhas.
  2928 | D:3      | Found a runed translucent door.
  2928 | D:3      | Noticed Antichthon's ghost (amateur NaWr)
  3328 | D:4      | Found a staircase to the Ecumenical Temple.
  3337 | Temple   | Entered the Ecumenical Temple
  3375 | Temple   | Became a worshipper of Gozag Ym Sagoz the Greedy
  3442 | D:4      | Found an ornate altar of the Wu Jian Council.
  3453 | D:4      | Reached skill level 7 in Stealth
  3533 | D:4      | Noticed Natasha
  3544 | D:4      | Killed Natasha
  3545 | D:4      | Reached XP level 5. HP: 35/35 MP: 8/8
  3594 | D:4      | Noticed a black bear
  3601 | D:4      | Gained mutation: You sometimes lose the ability to read
                  | scrolls when taking damage. [potion of mutation]
  3601 | D:4      | Gained mutation: You are agile. (Dex +2) [potion of
                  | mutation]
  3601 | D:4      | Gained mutation: You are covered in fur. (AC +1) [potion of
                  | mutation]
  3601 | D:4      | HP: 8/35 [something (2)]
  3601 | D:4      | HP: 3/35 [black bear (2)]
  3602 | D:4      | Slain by a black bear

Illustrated notes

Levels and vault maps discovered:
D:1:      matt_arrival_refuge, layout_rooms, serial_bayou_pond_d
D:2:      layout_rooms, hellmonk_ecumenical_altar_slurped_away, basic_altar
D:3:      layout_basic, gammafunk_ghost_grave, kennysheep_generic_room_12
D:4:      layout_cave_pools, mainiacjoe_overflow_boulevard,
          minmay_temple_entry_tees, saegor_snake_ambush, uniq_natasha
Temple:   bh_familiar_temple

Skill      XL: |  1  2  3  4 |
---------------+-------------+-----
Fighting       | 1 2 |  2.7
Short Blades   | 1 2 |  2.8
Stealth        | 7 |  7.2
Spellcasting   | |  2.0
Translocations | |  1.0
Evocations     | |  2.2

Action                   |  1- 3 |  4- 6 || total
-------------------------+-------+-------++-------
Melee: Dagger            |    67 |    43 ||   110
       Tentacles         |     6 |     9 ||    15
       Constrict         |     9 |     7 ||    16
       Punch             |     1 |     2 ||     3
Throw: Stone             |     2 |       ||     2
  Use: Scroll            |       |     6 ||     6
       Potion            |       |     3 ||     3
 Stab: Sleeping          |    19 |     6 ||    25
       Distracted        |     1 |     1 ||     2
Armor: Skin              |     4 |       ||     4
Dodge: Dodged            |    18 |    22 ||    40

Table legend: (Time is in decaauts)
 A = Elapsed time spent in this place.
 B = Non-inter-level travel time spent in this place.
 C = Inter-level travel time spent in this place.
 D = Time resting spent in this place.
 E = Time spent auto-exploring this place.
 F = Levels seen in this place.
 G = Mean time per level.
                   A        B        C        D        E       F      G
               +--------+--------+--------+--------+--------+-----+--------+
         Total |   3594 |   3486 |    108 |    868 |   2074 |   5 |  718.8 |
       Dungeon |   3536 |   3447 |     89 |    868 |   2042 |   4 |  884.0 |
        Temple |     57 |     38 |     19 |      0 |     32 |   1 |   57.0 |
               +--------+--------+--------+--------+--------+-----+--------+

Top non-repeatable levels by time:
     D:3: 1263 daAuts
     D:1: 1233 daAuts
     D:2: 692 daAuts
     D:4: 346 daAuts
  Temple: 57 daAuts

Table legend:
 A = Kills in this place as a percentage of kills in entire the game.
 B = Kills by you in this place as a percentage of kills by you in the entire game.
 C = Kills by friends in this place as a percentage of kills by friends in the entire game.
 D = Other kills in this place as a percentage of other kills in the entire game.
 E = Experience gained in this place as a percentage of experience gained in the entire game.
 F = Experience gained in this place divided by the number of levels of this place that you have seen.
                   A       B       C       D       E      F
               +-------+-------+-------+-------+-------+----------------------
         Total | 100.0 | 100.0 |   N/A |   N/A | 100.0 |  39.4
       Dungeon | 100.0 | 100.0 |   N/A |   N/A | 100.0 |  49.2
               +-------+-------+-------+-------+-------+----------------------
